 Dungeon Crawl Stone Soup version 0.21-a0-193-g085b6a0 (webtiles) character file.

45 4thArraOfDagon the Chopper (level 3, 4/30 HPs)
             Began as a Hill Orc Warper on Aug 14, 2017.
             Quit the game on level 2 of the Dungeon.
             The game lasted 00:01:53 (882 turns).

4thArraOfDagon the Chopper (Hill Orc Warper)         Turns: 882, Time: 00:01:54

Health: 4/30       AC:  3    Str: 13    XL:     3   Next: 64%
Magic:  5/5        EV: 17    Int: 14    God:
Gold:   48         SH:  0    Dex: 15    Spells: 5/5 levels left

rFire    . . .     SeeInvis .   a - +0 hand axe
rCold    . . .     Gourm    .   (no shield)
rNeg     . . .     Faith    .   b - +0 leather armour
rPois    .         Spirit   .   (no helmet)
rElec    .         Reflect  .   (no cloak)
rCorr    .         Harm     .   (no gloves)
MR       .....                  (no boots)
Stlth    ++........             (no amulet)
HPRegen  0.10/turn              (no ring)
MPRegen  0.09/turn              (no ring)

@: agile, lethally poisoned (4 -> -15)
A: no striking features
a: no special abilities


You were on level 2 of the Dungeon.
You were not hungry.

You visited 1 branch of the dungeon, and saw 2 of its levels.

You collected 48 gold pieces.

Inventory:

Hand Weapons
 a - a +0 hand axe (weapon)
Missiles
 e - 5 tomahawks of dispersal (quivered)
Armour
 b - a +0 leather armour (worn)
Scrolls
 d - 2 scrolls of blinking
 g - a scroll of identify {unknown}
 i - a scroll of teleportation {unknown}
Books
 c - a book of Spatial Translocations

   Spells                             Type                      Level
   a - Blink                          Translocation                2
   b - Shroud of Golubria             Charms/Translocation         2
   c - Lesser Beckoning               Translocation                3
   d - Gell's Gravitas                Translocation                3
   e - Teleport Other                 Translocation                3
   f - Passage of Golubria            Translocation                4
Comestibles
 f - a bread ration
 h - a royal jelly


   Skills:
 + Level 2.9 Fighting
 * Level 4.5 Axes
 - Level 0.8 Throwing
 - Level 1.1 Armour
 + Level 1.9 Dodging
 - Level 1.5 Spellcasting
   Level 2.4 Translocations


You had 5 spell levels left.
You didn't know any spells.

Dungeon Overview and Level Annotations

Branches:
Dungeon (2/15)

Altars:


Message History

Robin completely misses you.
You hit Robin.
Robin is almost dead.
You feel sick. Robin misses you.
You barely miss Robin.
Robin is almost dead.
* * * LOW HITPOINT WARNING * * *
You feel sick. Robin misses you.
You hit Robin.
You kill Robin!
* * * LOW HITPOINT WARNING * * *
You feel sick.
Unknown command.
A goblin comes into view. It is wielding a club.
* * * LOW HITPOINT WARNING * * *
You feel sick.
The goblin moves out of view.
A goblin comes into view. It is wielding a club.
Items here: ) [[ † a dagger of venom; an animal skin; a helmet; the hobgoblin corpse of Robin Are you sure you want to abandon this character and quit the game? (Confirm with "yes".)

#.#### ######### #....#
#.......# ####.####
#.......### #.....##
#.).......# #....... #..
#.......#.# #....... #.#
#.....†.#.####....... #.#
#...........†......## #.#
#...@...#.#####.#### #.#
###.#####.# #..#
#.########.......# #.##
#.##......######## #.#
#.##.####g......# #.#
#.##.####..####.# #<######
#..(...##..####.#####.......
####....#.(##...............
#..........#.##.###.#..##


You could see a goblin (wandering).

Vanquished Creatures
  Robin (D:2)
  An adder (D:2)
  A worm (D:2)
  5 goblins
  3 hobgoblins
  2 kobolds
  A quokka (D:2)
  2 ball pythons (D:2)
  A bat (D:2)
  6 rats (D:1)
23 creatures vanquished.

Notes
Turn   | Place    | Note
-------+----------+-------------------------------------------
     0 | D:1      | 4thArraOfDagon the Hill Orc Warper began the quest for the Orb.
     0 | D:1      | Reached XP level 1. HP: 18/18 MP: 3/3
     9 | D:1      | Reached skill level 3 in Axes
    51 | D:1      | Reached XP level 2. HP: 16/25 MP: 4/4
   346 | D:2      | Reached skill level 4 in Axes
   346 | D:2      | Reached XP level 3. HP: 17/30 MP: 5/5
   684 | D:2      | Noticed Robin
   880 | D:2      | Killed Robin
   882 | D:2      | Quit the game

Vault maps used:
D:1:      dpeg_arrival_ratfight
D:2:      minmay_pentomino_t4, uniq_crazy_yiuf_cottage, uniq_robin

Skill      XL: |  1  2 |
---------------+-------+-----
Axes           | 3 4 |  4.5
Fighting       | |  2.9
Throwing       | |  0.8
Armour         | |  1.1
Dodging        | |  1.9
Spellcasting   | |  1.5
Translocations | |  2.4

Action                   || total
-------------------------++-------
Melee: Hand axe          ||    93
  Use: Potion            ||     1
Armor: Leather armour    ||    26
Dodge: Dodged            ||    53
